[Event "SS Manhem Chess Week 2019 Goteborg Open"]
[Site "Molnlycke kulturhus, Biblioteksgatan 2, Molnlycke, Sweden"]
[Date "2019.08.18"]
[Round "7.18"]
[White "Westerlund, Ola"]
[Black "Olsson, William"]
[Result "0-1"]
[TimeControl "15 minutes + 5 seconds per move from move one (Round 1 - 4) / 90 minutes + 30 seconds per move from move one (Round 5 - 8)"]
[WhiteFideId "1712101"]
[BlackFideId "1741721"]
[WhiteElo "1845"]
[BlackElo "2015"]

1. d4 d5 2. c4 c6 3. Nf3 Nf6 4. Nbd2 Bf5 5. Nh4 Be6 6. e3 Nbd7 7. Qc2 Rc8 8.
c5 Bg4 9. h3 Bh5 10. f4 e6 11. Bd3 Ne4 12. Nhf3 Ng3 13. Rg1 f5 14. Ne5 Nxe5 15. fxe5 Be7 16. Nf3 O-O 17. Bd2 Ne4 18. O-O-O b6 19.
b4 a5 20. g4 fxg4 21. hxg4 Bg6 22.
Rdf1 axb4 23. Bxb4 bxc5 24. dxc5 Rb8 25. a3 Qc7 26. Nd4 Qd7 27. Qa4 Nxc5 28.
Qxc6 Nxd3+ 29. Kd1 Nb2+ 0-1